BSA
POCATELLO BOCCABELLAS @ ST CHARLES SHEENS
07/16/2027
 
TOP OF THE 1ST
Pocatello Boccabellas batting - Pitching for St Charles Sheens : RHP Jesús Andrade
Pitching: RHP Jesús Andrade
Batting: RHB Tomás Carranza 0-0: Ball
1-0: Called Strike
1-1: Foul Ball, location: 2F
1-2: Ground out 4-3 (Groundball, 34)
Batting: RHB Manny Copriviza 0-0: Ball
1-0: Ball
2-0: Foul Ball, location: 2F
2-1: Foul Ball, location: 2F
2-2: Ground out 1-3 (Groundball, 15S)
Batting: RHB Marlon Phipps 0-0: Foul Ball, location: 2F
0-1: Foul Ball, location: 2F
0-2: Ground out 5-3 (Groundball, 56)
Top of the 1st over - 0 run(s), 0 hit(s), 0 error(s), 0 left on base; Pocatello 0 - St Charles 0
BOTTOM OF THE 1ST
St Charles Sheens batting - Pitching for Pocatello Boccabellas : LHP Osvaldo Cruz
Pitching: LHP Osvaldo Cruz
Batting: RHB Jesús Hernández 0-0: Ground out 5-3 (Groundball, 56)
Batting: RHB Miguel Palácios 0-0: Ball
1-0: SINGLE (Line Drive, 6MD)
Batting: RHB Max Rash 0-0: Ball
1-0: Grounds into double play, 6-4-3 (Groundball, 6)
Bottom of the 1st over - 0 run(s), 1 hit(s), 0 error(s), 0 left on base; Pocatello 0 - St Charles 0
TOP OF THE 2ND
Pocatello Boccabellas batting - Pitching for St Charles Sheens : RHP Jesús Andrade
Batting: LHB Juan Cortés 0-0: Ball
1-0: Ground out U3 (Groundball, 34)
Batting: RHB Ernesto Acosta 0-0: Called Strike
0-1: SINGLE (Flyball, 8LS)
Batting: RHB Chris Parker 0-0: Ball
1-0: Called Strike
1-1: Fielders Choice at 2nd, 6-4 (Groundball, 56)
Batting: RHB Francisco Sandoval 0-0: Ball
1-0: Ball
Chris Parker steals 2nd base
2-0: Fly out, F9 (Flyball, 9S)
Top of the 2nd over - 0 run(s), 1 hit(s), 0 error(s), 1 left on base; Pocatello 0 - St Charles 0
BOTTOM OF THE 2ND
St Charles Sheens batting - Pitching for Pocatello Boccabellas : LHP Osvaldo Cruz
Batting: LHB Stan Bates 0-0: Foul Ball, location: 2F
0-1: Foul Ball, location: 2F
0-2: Foul Ball, location: 2F
0-2: Ball
1-2: SINGLE (Flyball, 78S)
Batting: RHB Dan Tyler 0-0: Called Strike
0-1: Ball
Stan Bates steals 2nd base
1-1: Ball
2-1: Ball
3-1: Fly out, F8 (Line Drive, 89M)
Batting: LHB Juan Jose Rojas 0-0: Ball
1-0: Called Strike
1-1: Foul Ball, location: 2F
1-2: Ball
2-2: Fly out, F3 (Line Drive, 3)
Batting: LHB Gene Cooper 0-0: Fly out, F9 (Line Drive, 9)
Bottom of the 2nd over - 0 run(s), 1 hit(s), 0 error(s), 1 left on base; Pocatello 0 - St Charles 0
TOP OF THE 3RD
Pocatello Boccabellas batting - Pitching for St Charles Sheens : RHP Jesús Andrade
Batting: SHB Nick Cox 0-0: Called Strike
0-1: Ball
1-1: Fly out, F7 (Flyball, 7S)
Batting: RHB José Delgado 0-0: Called Strike
0-1: Ground out 5-3 (Groundball, 56)
Batting: RHB Tomás Carranza 0-0: Ball
1-0: Ground out U3 (Groundball, 34S)
Top of the 3rd over - 0 run(s), 0 hit(s), 0 error(s), 0 left on base; Pocatello 0 - St Charles 0
BOTTOM OF THE 3RD
St Charles Sheens batting - Pitching for Pocatello Boccabellas : LHP Osvaldo Cruz
Batting: LHB Marcos Cantú 0-0: Called Strike
0-1: Foul Ball, location: 2F
0-2: Ball
1-2: Ball
2-2: Foul Ball, location: 2F
2-2: Foul Ball, location: 2F
2-2: Strikes out swinging
Batting: RHB Sergio Pujols 0-0: Fly out, F8 (Flyball, 89D)
Batting: RHB Jesús Hernández 0-0: Ball
1-0: Ground out 5-3 (Groundball, 56)
Bottom of the 3rd over - 0 run(s), 0 hit(s), 0 error(s), 0 left on base; Pocatello 0 - St Charles 0
TOP OF THE 4TH
Pocatello Boccabellas batting - Pitching for St Charles Sheens : RHP Jesús Andrade
Batting: RHB Manny Copriviza 0-0: Ball
1-0: Ball
2-0: Ball
3-0: Called Strike
3-1: Called Strike
3-2: Strikes out swinging
Batting: RHB Marlon Phipps 0-0: Called Strike
0-1: Foul Ball, location: 2F
0-2: SINGLE (Groundball, 6MD)
Batting: LHB Juan Cortés 0-0: Ball
1-0: Grounds into double play, 6-4-3 (Groundball, 6)
Top of the 4th over - 0 run(s), 1 hit(s), 0 error(s), 0 left on base; Pocatello 0 - St Charles 0
BOTTOM OF THE 4TH
St Charles Sheens batting - Pitching for Pocatello Boccabellas : LHP Osvaldo Cruz
Batting: RHB Miguel Palácios 0-0: Fly out, F4 (Line Drive, 34)
Batting: RHB Max Rash 0-0: Called Strike
0-1: Ground out 6-3 (Groundball, 6S)
Batting: LHB Stan Bates 0-0: Foul Ball, location: 2F
0-1: Ball
1-1: Swinging Strike
1-2: Ball
2-2: Strikes out looking
Bottom of the 4th over - 0 run(s), 0 hit(s), 0 error(s), 0 left on base; Pocatello 0 - St Charles 0
TOP OF THE 5TH
Pocatello Boccabellas batting - Pitching for St Charles Sheens : RHP Jesús Andrade
Batting: RHB Ernesto Acosta 0-0: Called Strike
0-1: Ball
1-1: Ball
2-1: Swinging Strike
2-2: Ground out 4-3 (Groundball, 4)
Batting: RHB Chris Parker 0-0: Ball
1-0: Ball
2-0: Called Strike
2-1: Foul Ball, location: 2F
2-2: Strikes out looking
Batting: RHB Francisco Sandoval 0-0: Ball
1-0: Ball
2-0: Fly out, F2 (Popup, 25)
Top of the 5th over - 0 run(s), 0 hit(s), 0 error(s), 0 left on base; Pocatello 0 - St Charles 0
BOTTOM OF THE 5TH
St Charles Sheens batting - Pitching for Pocatello Boccabellas : LHP Osvaldo Cruz
Batting: RHB Dan Tyler 0-0: Called Strike
0-1: Ball
1-1: DOUBLE (Line Drive, 7LM)
Batting: LHB Juan Jose Rojas 0-0: Called Strike
0-1: Ball
1-1: Swinging Strike
1-2: Foul Ball, location: 2F
1-2: Strikes out swinging
Batting: LHB Gene Cooper 0-0: Ball
1-0: Foul Ball, location: 2F
1-1: Foul Ball, location: 2F
1-2: Foul Ball, location: 2F
1-2: Ball
2-2: Ball
3-2: Ground out 3-1 (Groundball, 34)
Dan Tyler to third
Batting: LHB Marcos Cantú 0-0: Ball
1-0: Ball
2-0: Called Strike
2-1: Ball
3-1: Called Strike
3-2: Foul Ball, location: 2F
3-2: SINGLE (Groundball, 5D)
Dan Tyler scores
Batting: RHB Sergio Pujols 0-0: Ball
Marcos Cantú is caught stealing 2nd base
Bottom of the 5th over - 1 run(s), 2 hit(s), 0 error(s), 0 left on base; Pocatello 0 - St Charles 1
TOP OF THE 6TH
Pocatello Boccabellas batting - Pitching for St Charles Sheens : RHP Jesús Andrade
Batting: SHB Nick Cox 0-0: Called Strike
0-1: Ball
1-1: Fly out, F7 (Flyball, 7D)
Batting: RHB José Delgado 0-0: Ball
1-0: SINGLE (Groundball, 6MD)
Batting: RHB Tomás Carranza 0-0: Foul Ball, location: 2F
0-1: Called Strike
José Delgado steals 2nd base
0-2: Ground out 4-3 (Groundball, 4)
José Delgado to third
Batting: RHB Manny Copriviza 0-0: Swinging Strike
0-1: Ball
1-1: Swinging Strike
1-2: Foul Ball, location: 2F
1-2: Fly out, F6 (Line Drive, 6)
Top of the 6th over - 0 run(s), 1 hit(s), 0 error(s), 1 left on base; Pocatello 0 - St Charles 1
BOTTOM OF THE 6TH
St Charles Sheens batting - Pitching for Pocatello Boccabellas : LHP Osvaldo Cruz
Batting: RHB Sergio Pujols 0-0: Foul Ball, location: 2F
0-1: Ball
1-1: Foul Ball, location: 2F
1-2: Ball
2-2: Ball
3-2: Base on Balls
Batting: RHB Jesús Hernández 0-0: Ball
1-0: Called Strike
1-1: Foul Ball, location: 2F
1-2: Foul Ball, location: 2F
1-2: Ball
2-2: Fielders Choice at 2nd, 6-4 (Groundball, 6)
Batting: RHB Miguel Palácios 0-0: Ball
1-0: Ball
2-0: Ground out 5-3 (Groundball, 2L)
Jesús Hernández to second
Batting: RHB Max Rash 0-0: Ball
1-0: Ball
2-0: Swinging Strike
2-1: Called Strike
2-2: Strikes out swinging
Bottom of the 6th over - 0 run(s), 0 hit(s), 0 error(s), 1 left on base; Pocatello 0 - St Charles 1
TOP OF THE 7TH
Pocatello Boccabellas batting - Pitching for St Charles Sheens : RHP Jesús Andrade
Batting: RHB Marlon Phipps 0-0: Foul Ball, location: 2F
0-1: Ball
1-1: Ground out 5-3 (Groundball, 56S)
Batting: LHB Juan Cortés 0-0: Ball
1-0: Ground out 3-1 (Groundball, 34)
Batting: RHB Ernesto Acosta 0-0: Called Strike
0-1: Ball
1-1: Foul Ball, location: 2F
1-2: Foul Ball, location: 2F
1-2: Fly out, F4 (Line Drive, 4M)
Top of the 7th over - 0 run(s), 0 hit(s), 0 error(s), 0 left on base; Pocatello 0 - St Charles 1
BOTTOM OF THE 7TH
St Charles Sheens batting - Pitching for Pocatello Boccabellas : LHP Osvaldo Cruz
Batting: LHB Stan Bates 0-0: Ball
1-0: Ball
2-0: Called Strike
2-1: Foul Ball, location: 2F
2-2: Strikes out swinging
Batting: RHB Dan Tyler 0-0: Ball
1-0: Swinging Strike
1-1: Ball
2-1: Foul Ball, location: 2F
2-2: SINGLE (Groundball, 56D)
Batting: LHB Juan Jose Rojas 0-0: Ball
1-0: Ball
2-0: Called Strike
2-1: Swinging Strike
2-2: Grounds into double play, 4-6-3 (Groundball, 4)
Bottom of the 7th over - 0 run(s), 1 hit(s), 0 error(s), 0 left on base; Pocatello 0 - St Charles 1
TOP OF THE 8TH
Pocatello Boccabellas batting - Pitching for St Charles Sheens : RHP Jesús Andrade
Batting: RHB Chris Parker 0-0: Called Strike
0-1: Foul Ball, location: 2F
0-2: Ball
1-2: Ball
2-2: Foul Ball, location: 2F
2-2: Foul Ball, location: 2F
2-2: Fly out, F4 (Popup, 34)
Batting: RHB Francisco Sandoval 0-0: Ball
1-0: Fly out, F8 (Flyball, 8RXD)
Batting: SHB Nick Cox 0-0: Foul Ball, location: 2F
0-1: Called Strike
0-2: Strikes out swinging
Top of the 8th over - 0 run(s), 0 hit(s), 0 error(s), 0 left on base; Pocatello 0 - St Charles 1
BOTTOM OF THE 8TH
St Charles Sheens batting - Pitching for Pocatello Boccabellas : LHP Osvaldo Cruz
Pitching: RHP Jaime Espinoza
Batting: LHB Gene Cooper 0-0: Called Strike
0-1: Ball
1-1: Ball
2-1: Ground out 4-3 (Groundball, 34)
Pitching: LHP Mark Murchison
Batting: LHB Marcos Cantú 0-0: Ball
1-0: SINGLE (Groundball, 4D)
Pitching: RHP Bud Baldwin
Batting: RHB Sergio Pujols 0-0: Ball
1-0: Ball
2-0: Called Strike
2-1: Called Strike
2-2: Foul Ball, location: 2F
2-2: Foul Ball, location: 2F
2-2: Ball
3-2: DOUBLE (Line Drive, 89XD)
Marcos Cantú to third
Runner from 3rd tries for Home, SAFE, no throw
Batting: RHB Jesús Hernández 0-0: Swinging Strike
0-1: SINGLE (Groundball, 34D)
Sergio Pujols to third
Batting: RHB Miguel Palácios 0-0: Ball
1-0: Called Strike
Jesús Hernández is caught stealing 2nd base
1-1: Fly out, F8 (Flyball, 8LD)
Bottom of the 8th over - 1 run(s), 3 hit(s), 0 error(s), 1 left on base; Pocatello 0 - St Charles 2
TOP OF THE 9TH
Pocatello Boccabellas batting - Pitching for St Charles Sheens : RHP Jesús Andrade
Batting: RHB José Delgado 0-0: Ball
1-0: Ground out 1-3 (Groundball, 13S)
Batting: RHB Tomás Carranza 0-0: Foul Ball, location: 2F
0-1: Ball
1-1: Foul Ball, location: 2F
1-2: Strikes out swinging
Pitching: RHP Juan Rivera
Batting: RHB Manny Copriviza 0-0: Ball
1-0: Foul Ball, location: 2F
1-1: Ball
2-1: Called Strike
2-2: Foul Ball, location: 2F
2-2: Foul Ball, location: 2F
2-2: Foul Ball, location: 2F
2-2: Foul Ball, location: 2F
2-2: Ball
3-2: Foul Ball, location: 2F
3-2: Base on Balls
Batting: RHB Marlon Phipps 0-0: Ball
1-0: Called Strike
1-1: Ball
2-1: Foul Ball, location: 2F
2-2: SINGLE (Line Drive, 89S)
Manny Copriviza to second
Runner from 2nd tries for 3rd, SAFE, throw made to third
Marlon Phipps to second
Batting: LHB Juan Cortés 0-0: Ball
1-0: Swinging Strike
1-1: Ball
2-1: Swinging Strike
2-2: Strikes out looking
Top of the 9th over - 0 run(s), 1 hit(s), 0 error(s), 2 left on base; Pocatello 0 - St Charles 2
Thursday, March 30th, 2017 - OOTP Baseball 17.12 Build 75